 Dungeon Crawl Stone Soup version 0.16-a0-3253-g5709529 (webtiles) character file.

11 Ololoev the Insei (level 2, -1/18 HPs)
             Began as an Octopode Transmuter on Dec 23, 2014.
             Slain by a gnoll
             ... wielding a +2 halberd of chopping
              (9 damage)
             ... on level 1 of the Dungeon.
             The game lasted 00:01:40 (702 turns).

Ololoev the Insei (Octopode Transmuter)              Turns: 702, Time: 00:01:40

Health: -1/18      AC:  1    Str:  9    XL:     2   Next: 25%
Magic:  3/4        EV: 12    Int: 15    God:
Gold:   67         SH:  0    Dex: 12    Spells: 1 memorised, 4 levels left

rFire  + . .     SeeInvis .       - Unarmed
rCold  x . .     Clarity  .     (no shield)
rNeg   . . .     SustAb   .     (helmet restricted)
rPois  .         Gourm    .     (no amulet)
rElec  .         Spirit   .     h - ring of fire
rCorr  .         Warding  .     (no ring)
rMut   .         Stasis   .     (no ring)
MR     .....                    (no ring)
Stlth  ++........               (no ring)
                                (no ring)
                                (no ring)
                                (no ring)

@: appendage (expiring), not resistant to hostile enchantments, unstealthy
A: almost no armour, amphibious, 8 rings, constrict 8, tentacle spike 3,
camouflage 1, gelatinous body 1
a: End Transformation


You were on level 1 of the Dungeon.
You were not hungry.
One of your tentacles had a temporary spike.
You visited 1 branch of the dungeon, and saw 1 of its levels.

You collected 67 gold pieces.

Notes
Turn   | Place    | Note
--------------------------------------------------------------
     0 | D:1      | Ololoev, the Octopode Transmuter, began the quest for the Orb.
     0 | D:1      | Reached XP level 1. HP: 13/13 MP: 3/3
   297 | D:1      | Reached XP level 2. HP: 18/18 MP: 4/4
   702 | D:1      | Slain by a gnoll

Inventory:

Missiles
 b - 36 arrows
Jewellery
 h - a ring of fire (left tentacle)
Scrolls
 c - a scroll of teleportation {unknown}
 f - 2 scrolls of enchant armour {unknown}
 g - a scroll of identify {unknown}
 l - a scroll of enchant weapon {unknown}
Potions
 e - a potion of invisibility {unknown}
 i - a potion of flight {unknown}
 j - a potion of haste {unknown}
 k - 2 potions of brilliance {unknown}
Books
 d - a book of Changes

   Spells                             Type                      Level
   a - Beastly Appendage              Transmutation                1
   b - Sticks to Snakes               Transmutation                2
   c - Spider Form                    Transmutation/Poison         3
   d - Ice Form                       Ice/Transmutation            4
   e - Blade Hands                    Transmutation                5
Comestibles
 a - a bread ration

Table legend:
 A = Turns spent in this place as a percentage of turns spent in the entire game.
 B = Non-inter-level travel turns spent in this place as a percentage of non-inter-level travel turns spent in the entire game.
 C = Inter-level travel turns spent in this place as a percentage of turns spent in this place.
 D = Turns resting spent in this place as a percentage of non-inter-level travel turns spent in this place.
 E = Turns spent auto-exploring this place as a percentage of non-inter-level travel turns spent in this place.
 F = Non-inter-level travel turns spent in this place divided by the number of levels of this place that you've seen.
                   A       B       C       D       E      F
               +-------+-------+-------+-------+-------+----------------------
         Total | 100.0 | 100.0 |   0.0 |   3.1 |  17.8 | 163.0
       Dungeon | 100.0 | 100.0 |   0.0 |   3.1 |  17.8 | 163.0
               +-------+-------+-------+-------+-------+----------------------


   Skills:
 - Level 1.0 Fighting
 - Level 2.0 Dodging
 + Level 3.2 Unarmed Combat
 - Level 2.0 Spellcasting
 * Level 2.6 Transmutations


You had 4 spell levels left.
You knew the following spells:

 Your Spells              Type           Power        Failure   Level  Hunger
a - Beastly Appendage     Trmt           #.....       10%         1    #......


Dungeon Overview and Level Annotations

Branches:
Dungeon (1/15)

Altars:


Innate Abilities, Weirdness & Mutations

You cannot wear most types of armour.
You are amphibious.
You can wear up to eight rings at the same time.
You can use your tentacles to constrict many enemies at once.
Your skin changes colour to match your surroundings (Stealth).
Your rubbery body absorbs attacks (AC +1).
One of your tentacles bears a large vicious spike.


Message History

You open the door.
There is an open door here.
You now have 67 gold pieces (gained 13).
You open the door.
A giant cockroach comes into view.
Found a stone staircase leading down.
There is an open door here.
Found a scroll labeled KLOUNURORI.
There is a stone staircase leading down here.
You tentacle-slap the giant cockroach.
You kill the giant cockroach!
No target in view!
l - a scroll labeled KLOUNURORI
There is a stone staircase leading down here.
There is an open door here.
There is an open door here.
Found 8 javelins.
You see here 8 javelins.
You open the door.
There is an open door here.
You see here 8 javelins.
A gnoll comes into view. It is wielding a halberd of chopping.
Casting: Beastly Appendage
Confirm with . or Enter, or press ? or * to list all spells.
One of your tentacles grows a vicious spike.
Your transformation is almost over.
The helpless gnoll fails to defend itself.
You tentacle-slap the gnoll. Your grab misses the gnoll.
The gnoll is moderately wounded.
The gnoll hits you with a halberd of chopping!
You tentacle-slap the gnoll but do no damage.
Your grab misses the gnoll.
You pierce the gnoll, but do no damage.
The gnoll is moderately wounded.
The gnoll barely misses you.
You tentacle-slap the gnoll but do no damage.
Your grab misses the gnoll.
Your tentacle spike misses the gnoll.
The gnoll is moderately wounded.
The gnoll hits you with a halberd of chopping!
Ouch! That really hurt!
You die...

........##.......##.#############
.................................
.#########.#..#..##.###.........#
## ## #.#)....##.###..........
#### ......#.##.###.#.........###
...# ......#.......>#...###......
...#.......##########...# #.#####
#..#...........g.# #...# #.#
#.....##########@####...# #.#
....................+...# #.#
#.###............#..#...# #.# '.#
#............#......###.###
#####...........###...........###
................'.#..##...#.#.##.
######..........#.#.......#.#.##.
# #..........#.#.###...#.#.##. #
####..........#.#..............


You could see a gnoll.

Table legend:
 A = Kills in this place as a percentage of kills in entire the game.
 B = Kills by you in this place as a percentage of kills by you in the entire game.
 C = Kills by friends in this place as a percentage of kills by friends in the entire game.
 D = Other kills in this place as a percentage of other kills in the entire game.
 E = Experience gained in this place as a percentage of experience gained in the entire game.
 F = Experience gained in this place divided by the number of levels of this place that you have seen.
                   A       B       C       D       E      F
               +-------+-------+-------+-------+-------+----------------------
         Total | 100.0 | 100.0 |  -nan |  -nan | 100.0 |  16.0
       Dungeon | 100.0 | 100.0 |  -nan |  -nan | 100.0 |  16.0
               +-------+-------+-------+-------+-------+----------------------

Vanquished Creatures
  A giant gecko (D:1)
  A giant cockroach (D:1)
  3 goblins (D:1)
  3 kobolds (D:1)
  2 rats (D:1)
10 creatures vanquished.

Action                   || total
-------------------------++-------
Melee: Unarmed           ||    24
 Cast: Beastly Appendage ||     1
 Stab: Sleeping          ||     2

Vault maps used:
D:1:      erik_arrival_triangle_large
